 Dungeon Crawl Stone Soup version 0.23-a0-32-g1388f29e54 (webtiles) character file.

107 Morrissey the Chopper (level 4, -3/41 HPs)
             Began as a Minotaur Berserker on Aug 4, 2018.
             Was a Priest of Trog.
             Slain by Tinylith's ghost (9 damage)
             ... on level 3 of the Dungeon.
             The game lasted 00:03:24 (1385 turns).

Morrissey the Chopper (Minotaur Berserker)          Turns: 1385, Time: 00:03:24

Health: -3/41      AC:  9    Str: 21    XL:     4   Next: 56%
Magic:  3/3        EV:  8    Int:  9    God:    Trog [***...]
Gold:   110        SH:  0    Dex: 11    Spells: 3/3 levels left

rFire    . . .     SeeInvis .   a - +0 war axe
rCold    . . .     Gourm    .   (no shield)
rNeg     . . .     Faith    .   f - +0 chain mail
rPois    .         Spirit   .   (helmet restricted)
rElec    .         Reflect  .   (no cloak)
rCorr    .         Harm     +   (no gloves)
MR       .....                  (no boots)
Stlth    ..........             k - amulet of harm
HPRegen  0.13/turn              b - +5 ring of intelligence
MPRegen  0.08/turn              (no ring)

@: no status effects
A: retaliatory headbutt, horns 2
a: Berserk, Trog's Hand, Renounce Religion


You were on level 3 of the Dungeon.
You worshipped Trog.
Trog was most pleased with you.
You were not hungry.

You visited 1 branch of the dungeon, and saw 3 of its levels.

You collected 110 gold pieces.

Inventory:

Hand Weapons
 a - a +0 war axe (weapon)
Armour
 f - a +0 chain mail (worn)
Jewellery
 b - a +5 ring of intelligence (left hand)
 k - an amulet of harm (around neck)
Scrolls
 e - a scroll of identify {unknown}
 h - 4 scrolls of teleportation {unknown}
 i - a scroll of enchant weapon {unknown}
 l - a scroll of random uselessness {unknown}
 n - 2 scrolls of remove curse {unknown}
Potions
 d - a potion of cancellation {unknown}
 j - a potion of berserk rage {unknown}
 m - a potion of curing {unknown}
 o - 2 potions of brilliance {unknown}
Comestibles
 c - 6 rations
 g - 2 chunks of flesh


   Skills:
 + Level 4.4 Fighting
 * Level 5.3 Axes
 + Level 3.6 Armour
 - Level 2.1 Dodging


You had 3 spell levels left.
You didn't know any spells.
Your spell library was empty.

Dungeon Overview and Level Annotations

Branches:
Dungeon (3/15)

Altars:

Annotations:
D:3 Tinylith's ghost, amateur MiFi


Innate Abilities, Weirdness & Mutations

You reflexively headbutt those who attack you in melee.
You have a pair of horns on your head.


Message History

Tinylith's ghost hits you but does no damage.
You closely miss Tinylith's ghost.
Tinylith's ghost is lightly damaged.
Tinylith's ghost hits you!
You slash Tinylith's ghost! Your headbutt misses Tinylith's ghost.
Tinylith's ghost is moderately damaged.
Tinylith's ghost hits you.
You are too injured to fight recklessly!
You are too injured to fight recklessly!
You are too injured to fight recklessly!
You barely miss Tinylith's ghost.
Tinylith's ghost is moderately damaged.
Tinylith's ghost hits you but does no damage.
Tinylith's ghost hits you!
* * * LOW HITPOINT WARNING * * *
You hit Tinylith's ghost but do no damage.
Tinylith's ghost is moderately damaged.
Tinylith's ghost whispers, "They're coming for you..."
Tinylith's ghost hits you!
You die...

#....# #≈≈≈#....#
#≈$≈#....#
#####≈≈≈#....#
#...#≈≈≈#....#
#...#≈≈≈#....#
#...#≈wS#...##
#..†##W##...#######..
#.....@..............
#....................
#...................>
#....................
######+#####.........
#÷........
#####........#
#...'........#
#.###........#


You could see a worm, Tinylith's ghost and a ball python.

Vanquished Creatures
  2 adders
  A river rat (D:3)
  An ooze (D:2)
  A worm (D:2)
  A dart slug (D:1)
  3 leopard geckos
  A ball python (D:1)
  11 bats
  5 giant cockroaches
  8 goblins
  6 hobgoblins
  5 jackals (D:1)
  2 quokkas (D:2)
  4 frilled lizards (D:1)
  5 kobolds (D:1)
  7 rats
63 creatures vanquished.

Notes
Turn   | Place    | Note
-------+----------+-------------------------------------------
     0 | D:1      | Morrissey the Minotaur Berserker began the quest for the Orb.
     0 | D:1      | Reached XP level 1. HP: 19/19 MP: 0/0
   142 | D:1      | Reached skill level 4 in Axes
   142 | D:1      | Reached XP level 2. HP: 27/27 MP: 1/1
   352 | D:1      | Reached XP level 3. HP: 31/33 MP: 2/2
   365 | D:1      | Reached ** piety under Trog
   899 | D:2      | Reached XP level 4. HP: 38/40 MP: 3/3
  1008 | D:2      | Reached skill level 5 in Axes
  1350 | D:3      | Reached *** piety under Trog
  1358 | D:3      | Found a runed door.
  1369 | D:3      | Noticed Tinylith's ghost (amateur MiFi)
  1385 | D:3      | Slain by Tinylith's ghost

Vault maps used:
D:1:      onia_arrival_pyramid
D:3:      lemuel_doored_altar, ebering_ghost_sewer_f

Skill      XL: |  1  2  3  4 |
---------------+-------------+-----
Axes           | 4 5 |  5.3
Fighting       | 4 |  4.4
Armour         | 3 |  3.6
Dodging        | |  2.1

Action                   |  1- 3 |  4- 6 || total
-------------------------+-------+-------++-------
Melee: Hand axe          |    79 |    13 ||    92
       Headbutt          |    11 |     5 ||    16
       War axe           |       |    18 ||    18
  Eat: Chunk             |       |     2 ||     2
Armor: Animal skin       |     7 |       ||     7
       Chain mail        |    45 |    14 ||    59
Dodge: Dodged            |    42 |    15 ||    57

Table legend:
 A = Spawn XP
 B = Non-spawn XP
 C = Spawn XP percentage of total XP
 D = Spawn monster count
 E = Non-spawn monster count
 F = Spawn count percentage of total count
 G = Total turns spent on level
                    A         B        C        D         E        F      G
               +---------+---------+-------+---------+---------+-------+---------
         Total |       0 |     153 |   0.0 |       0 |      63 |   0.0 |  1385
               +---------+---------+-------+---------+---------+-------+---------
           D:1 |       0 |      62 |   0.0 |       0 |      36 |   0.0 |   656
           D:2 |       0 |      58 |   0.0 |       0 |      20 |   0.0 |   679
           D:3 |       0 |      33 |   0.0 |       0 |       7 |   0.0 |    50
               +---------+---------+-------+---------+---------+-------+---------
